 Dungeon Crawl Stone Soup version 0.17-a0-1-g1f4be75 (webtiles) character file.

129 vatarom the Skirmisher (level 5, 0/49 HPs)
             Began as a Naga Transmuter on Mar 11, 2015.
             Slain by an adder (5 damage)
             ... on level 3 of the Dungeon.
             The game lasted 00:04:51 (2374 turns).

vatarom the Skirmisher (Naga Transmuter)            Turns: 2374, Time: 00:04:51

Health: 0/49       AC:  3    Str: 13      XL:     5   Next: 12%
Magic:  2/9        EV: 10    Int: 14      God:
Gold:   87         SH:  0    Dex:  9 (11) Spells: 3 memorised, 2 levels left

rFire  . . .     SeeInvis +       - Unarmed
rCold  . . .     Clarity  .     c - +0 robe
rNeg   . . .     SustAb   .     (no shield)
rPois  +         Gourm    .     (helmet restricted)
rElec  .         Spirit   .     (no cloak)
rCorr  .         Warding  .     j - +0 pair of gloves
rMut   .         Stasis   .     (no barding)
MR     .....                    (no amulet)
Stlth  +.........               (no ring)
                                e - ring of flight

@: confused, appendage (expiring), very slow, not resistant to hostile
enchantments, very unstealthy
A: spit poison, horns 2, see invisible, deformed body, poison resistance,
slowness 2, AC +1
a: Spit Poison, End Transformation, Evoke Flight


You were on level 3 of the Dungeon.
You were not hungry.
You had grown temporary horns.
You visited 1 branch of the dungeon, and saw 3 of its levels.

You collected 87 gold pieces.

Inventory:

Missiles
 b - 19 arrows
Armour
 c - a +0 robe (worn)
 j - a +0 pair of gloves (worn)
Jewellery
 e - a ring of flight (left hand)
Scrolls
 h - a scroll of identify
Books
 d - a book of Changes

   Spells                             Type                      Level
   a - Beastly Appendage              Transmutation                1
   b - Sticks to Snakes               Transmutation                2
   c - Spider Form                    Transmutation/Poison         3
   d - Ice Form                       Ice/Transmutation            4
   e - Blade Hands                    Transmutation                5
Comestibles
 a - a bread ration
 f - 2 slices of pizza
 i - 2 meat rations
 k - a beef jerky


   Skills:
 - Level 3.3 Fighting
 + Level 2.4 Dodging
 - Level 3.0 Unarmed Combat
 - Level 2.0 Spellcasting
 + Level 3.2 Transmutations


You had 2 spell levels left.
You knew the following spells:

 Your Spells              Type           Power        Failure   Level  Hunger
a - Beastly Appendage     Trmt           ##....       10%         1    ##.....
b - Sticks to Snakes      Trmt           ##........   12%         2    ###....
c - Spider Form           Trmt/Pois      #.........   38%         3    ####...


Dungeon Overview and Level Annotations

Branches:
Dungeon (3/15)

Altars:
Xom
Zin


Innate Abilities, Weirdness & Mutations

You cannot wear boots.
You can spit poison.
Your serpentine skin is tough (AC +1).
You have supernaturally acute eyesight.
Armour fits poorly on your strangely shaped body.
Your system is resistant to poisons.
You cover ground very slowly.
You have a pair of horns on your head.


Message History

The orc wizard is almost dead.
The orc wizard casts a spell at you. The puff of flame hits you!
* * * LOW HITPOINT WARNING * * *
You're too confused!
Firing (i - inventory): No suitable missiles.
Press: ? - help, Shift-Dir - straight line, f/p - orc wizard
Aim: an orc wizard, wielding a dagger and wearing a robe (almost dead, poisoned, slightly transparent)
Okay, then.
You aren't carrying any potions.
Unknown command.
You're too confused!
You bump into the rock wall.
You kill the orc wizard!
Your Transmutations skill increases to level 3!
You have reached level 5!
You miss the adder.
Your transformation is almost over.
The adder bites you.
You die...

# ###.
.....
#...####
#..oS@.#
##..##.#
#... #.#
#... #.#
.#. #.#
. #.#
#.# #.#
#.#


You could see an adder and an orc.

Vanquished Creatures
  2 orc wizards (D:3)
  3 adders
  A worm (D:2)
  A giant gecko (D:2)
  2 orcs (D:3)
  3 giant cockroaches
  3 goblins
  4 hobgoblins
  5 kobolds
  2 bats
  A giant newt (D:2)
  3 rats
30 creatures vanquished.

Vanquished Creatures (collateral kills)
  2 worms (D:2)
  A rat (D:2)
3 creatures vanquished.

Grand Total: 33 creatures vanquished

Notes
Turn   | Place    | Note
--------------------------------------------------------------
     0 | D:1      | vatarom, the Naga Transmuter, began the quest for the Orb.
     0 | D:1      | Reached XP level 1. HP: 18/18 MP: 3/3
   749 | D:1      | Reached XP level 2. HP: 23/26 MP: 2/4
   753 | D:1      | Learned a level 2 spell: Sticks to Snakes
  1216 | D:2      | Reached XP level 3. HP: 8/34 MP: 1/6
  1571 | D:2      | Learned a level 3 spell: Spider Form
  1786 | D:2      | Reached XP level 4. HP: 37/42 MP: 5/7
  1855 | D:2      | Found a shimmering altar of Xom.
  1855 | D:2      | Noticed an angel
  1856 | D:2      | Found a glowing silver altar of Zin.
  2373 | D:3      | Reached XP level 5. HP: 5/49 MP: 2/9
  2374 | D:3      | Slain by an adder

Action                   |  1- 3 |  4- 6 || total
-------------------------+-------+-------++-------
Melee: Unarmed           |    86 |    31 ||   117
 Cast: Beastly Appendage |     7 |     1 ||     8
       Sticks to Snakes  |     4 |       ||     4
       Spider Form       |       |     1 ||     1
 Abil: Spit Poison       |    18 |     4 ||    22
  Use: Scroll            |     6 |       ||     6
       Potion            |     2 |     2 ||     4
  Eat: Bread ration      |     1 |     1 ||     2
